 Dungeon Sprint DCSS version 0.31.0-32-g396128a36d (webtiles) character file.

Game seed: 13676387686031293892

27 Groucho the Digger (level 2, -4/15 HPs)
             Began as a Deep Elf Earth Elementalist on Mar 15, 2024.
             Was a Believer of Sif Muna.
             Slain by Edmund
             ... wielding a +3 heavy flail
              (19 damage)
             ... in the Dungeon (Sprint VII: "The Pits").
             The game lasted 00:02:12 (731 turns).

Groucho the Digger (Deep Elf Earth Elementalist)     Turns: 731, Time: 00:02:13

Health: -4/15      AC:  2    Str:  5    XL:     2   Next: 93%
Magic:  8/9        EV: 12    Int: 19    God:    Sif Muna [**....]
Gold:   0          SH:  0    Dex: 15    Spells: 8/9 levels left

rFire   . . .        h - +2 dagger
rCold   . . .        (no shield)
rNeg    . . .        a - +0 robe
rPois   .            (no helmet)
rElec   .            (no cloak)
rCorr   .            (no gloves)
SInv    .            (no boots)
Will    .....        (no amulet)
Stlth   ++           (no ring)
HPRegen 0.22/turn    (no ring)
MPRegen 0.11/turn

%: no teleportation
@: no status effects
A: no striking features
a: Renounce Religion, Channel Magic


You were in the Dungeon.
You worshipped Sif Muna.
Sif Muna was pleased with you.
You visited 1 branch

Inventory:

Hand Weapons
 h - a +2 dagger (weapon)
Armour
 a - a +0 robe (worn)
Scrolls
 g - a scroll of blinking
 j - 2 scrolls of vulnerability
 k - 5 scrolls of amnesia
 l - a scroll of summoning
Potions
 b - 5 potions of magic
 c - a potion of curing
 d - a potion of heal wounds
 f - 3 potions of berserk rage
 i - 2 potions of invisibility


   Skills:
 - Level 2.4 Dodging
 - Level 2.4 Stealth
 + Level 4.2 Spellcasting
 * Level 3.8 Conjurations
 * Level 5.0 Earth Magic
 + Level 2.1 Invocations


You had 8 spell levels left.
You knew the following spells:

 Your Spells              Type           Power      Damage    Failure   Level
a - Sandblast             Erth           46%        2d11      1%          1

Your spell library contained the following spells:

 Spells                   Type           Power      Damage    Failure   Level
 Passwall                 Erth           23%        N/A       4%          3
 Stone Arrow              Conj/Erth      40%        3d9       6%          3
 Brom's Barrelling Bould  Conj/Erth      20%        2d4       22%         4
 Petrify                  Alch/Erth      13%        N/A       43%         4


Dungeon Overview and Level Annotations

Branches:
Dungeon (1/1)

Altars:
Ashenzari
Cheibriados
Dithmenos
Elyvilon
Fedhas
Gozag
Hepliaklqana
Kikubaaqudgha
Makhleb
Nemelex Xobeh
Okawaru
Qazlal
Ru
Sif Muna
Trog
Uskayaw
Vehumet
Wu Jian
Xom
Yredelemnul
Zin
The Shining One
Jiyva
Lugonu

Annotations:
D Edmund


Message History

Press: ? - help, Q - select action, (/) - cycle Shift-Dir - straight line, f/p - Edmund
Aim: Edmund, wielding a +3 heavy flail and wearing a +0 chain mail (lightly wounded, 87% to hit)
The blast of sand hits Edmund.
Edmund is moderately wounded.
Unknown command.
Unknown command.
Aiming: Sandblast (safe; 1% risk of failure)
Press: ? - help, Q - select action, (/) - cycle Shift-Dir - straight line, f/p - Edmund
Aim: Edmund, wielding a +3 heavy flail and wearing a +0 chain mail (moderately wounded, 87% to hit)
The blast of sand hits Edmund.
Edmund is moderately wounded.
Unknown command.
You fail to use your ability.
You fail to use your ability.
Unknown command.
Unknown command.
Unknown command.
Your extra speed is starting to run out.
Edmund closely misses you.
You feel yourself slow down.
Casting: Sandblast (safe; 1% risk of failure)
Confirm with . or Enter, or press ? or * to list all spells.
Aiming: Sandblast (safe; 1% risk of failure)
Press: ? - help, Shift-Dir - straight line, f/p - Edmund
Aim: Edmund, wielding a +3 heavy flail and wearing a +0 chain mail (moderately wounded, 87% to hit)
The blast of sand hits Edmund but does no damage.
Edmund is moderately wounded.
You feel less invigorated.
Casting: Sandblast (safe; 1% risk of failure)
Confirm with . or Enter, or press ? or * to list all spells.
Aiming: Sandblast (safe; 1% risk of failure)
Press: ? - help, Shift-Dir - straight line, f/p - Edmund
Aim: Edmund, wielding a +3 heavy flail and wearing a +0 chain mail (moderately wounded, 87% to hit)
The blast of sand hits Edmund but does no damage.
Edmund is moderately wounded.
Edmund says, "I'm quite good with sums, too."
Edmund hits you with a +3 heavy flail!!
Ouch! That really hurt!
You die...
Edmund says, "I'd like to see a scythe do that!"

############ #_________.#
#_________.#
#_______...###########++######
##########'##..@@............#
#..(.')))'.##......#..#......#
##########.##................+
#..........)'................+
+#####'#####......#..#......#
#† #.).@.##................#
#..#...#.#####'#####++######
#..#####.##.......#
#..'...#.##.......#


You could see Edmund.

Vanquished Creatures
  A gnoll (D)
  An adder (D)
  An orc (D)
  A bat (D)
  A goblin (D)
  A quokka (D)
  A ball python zombie (D)
  A rat (D)
8 creatures vanquished.

Notes
Turn   | Place    | Note
-------+----------+-------------------------------------------
     0 | D        | Groucho the Deep Elf Earth Elementalist began the quest for
                  | the Orb.
     0 | D        | Reached XP level 1. HP: 10/10 MP: 6/6
    38 | D        | Found a glowing golden altar of the Shining One.
    38 | D        | Found a glowing silver altar of Zin.
    38 | D        | Found a basalt altar of Yredelemnul.
    38 | D        | Found a shimmering altar of Xom.
    38 | D        | Found an ornate altar of the Wu Jian Council.
    38 | D        | Found a bloodstained altar of Trog.
    38 | D        | Found a shimmering blue altar of Sif Muna.
    38 | D        | Found a sacrificial altar of Ru.
    38 | D        | Found a stormy altar of Qazlal.
    38 | D        | Found an iron altar of Okawaru.
    38 | D        | Found a sparkling altar of Nemelex Xobeh.
    38 | D        | Found a burning altar of Makhleb.
    38 | D        | Found a viscous altar of Jiyva.
    38 | D        | Found a hazy altar of Hepliaklqana.
    38 | D        | Found an opulent altar of Gozag.
    38 | D        | Found a blossoming altar of Fedhas.
    38 | D        | Found a white marble altar of Elyvilon.
    38 | D        | Found a shadowy altar of Dithmenos.
    38 | D        | Found a snail-covered altar of Cheibriados.
    39 | D        | Found a radiant altar of Vehumet.
    39 | D        | Found a corrupted altar of Lugonu.
    40 | D        | Found an ancient bone altar of Kikubaaqudgha.
    40 | D        | Found a hide-covered altar of Uskayaw.
    40 | D        | Found a broken altar of Ashenzari.
    41 | D        | Became a worshipper of Sif Muna the Loreminder
   305 | D        | Reached * piety under Sif Muna
   306 | D        | Reached skill level 4 in Earth Magic
   306 | D        | Reached skill level 1 in Invocations
   306 | D        | Reached XP level 2. HP: 15/15 MP: 5/8
   667 | D        | Reached ** piety under Sif Muna
   667 | D        | Noticed Edmund
   668 | D        | Reached skill level 5 in Earth Magic
   731 | D        | Slain by Edmund

Illustrated notes

Levels and vault maps discovered:
D:        pitsprint [storerooms_1, entrance_room_1, metal_vault_6, armoury_3,
          mini_pit_1, grid_room_1, main_hall_1, silver_pit, the_coven_3,
          the_vestibule_1, steel_vault_2, golden_pit, hallway_of_sentries,
          crystal_vault_3, iron_vault_2, final_vault]

Skill      XL: |  1  2 |
---------------+-------+-----
Conjurations   | 3 |  3.8
Earth Magic    | 4 5 |  5.0
Invocations    | 1 2 |  2.1
Spellcasting   | 4 |  4.2
Dodging        | |  2.4
Stealth        | |  2.4

Action                     || total
---------------------------++-------
   Cast: Sandblast         ||    23
 Invoke: Channel Magic     ||     1
    Use: Potion            ||     1
 Armour: Robe              ||     3
  Dodge: Dodged            ||     5
